 Dungeon Crawl Stone Soup version 0.29-a0-700-g2f1814c7b2 (webtiles) character file.

Game seed: 215919860009198784

371202 croobank the Warrior (level 21, -3/244 (256) HPs)
             Began as a Demonspawn Delver on June 25, 2022.
             Was an Initiate of Gozag.
             Killed from afar by an ancient lich (34 damage)
             ... with a bolt of acid
             ... on level 5 of the Vaults on June 26, 2022.
             The game lasted 07:29:09 (56886 turns).

croobank the Warrior (Demonspawn Delver)           Turns: 56886, Time: 07:29:27

HP:   -3/244 (256)  AC: 30    Str: 20    XL:     21   Next: 35%
MP:   4/11          EV:  2    Int: 24    God:    Gozag
Gold: 1092          SH: 10    Dex: 19    Spells: 2/40 levels left

rFire   + + +      SeeInvis .   k - +6 hand axe of the Spinneret {antimagic, rN+ Will+ Int+5}
rCold   + . .      Faith    .   j - +3 buckler
rNeg    + . .      Spirit   .   (body armour currently unavailable)
rPois   +          Reflect  .   (helmet unavailable)
rElec   +          Harm     .   (cloak currently unavailable)
rCorr   +          Rampage  .   (gloves currently unavailable)
Will    ++...      NoTele   +   (boots currently unavailable)
Stlth   +++++++...              N - amulet of regeneration
HPRegen 1.30/turn               F - ring "Fixyiza" {rPois rF+ Str+6 Int-2 Slay+3}
MPRegen 0.12/turn               Y - ring of protection from fire

@: mighty, brilliant, tree-form, resistant, gold aura, very slightly
contaminated, lightly drained
A: stationary, stasis, torment immunity, boosted hp, (horns 3), thin skeletal
structure 2, icemail 2, condensation shield, demonic magic 2, corrupting
presence 1, (cold resistance 1), mutation resistance 1
}: 3/15 runes: barnacled, silver, gossamer
a: End Transformation, Renounce Religion, Potion Petition, Call Merchant, Bribe
Branch


You were on level 5 of the Vaults.
You worshipped Gozag.
Gozag was most pleased with you.
You were a tree.
You visited 9 branches of the dungeon, and saw 40 of its levels.
You also visited: Bailey, Ice Cave and Volcano.

You collected 19449 gold pieces.
You spent 626 gold pieces at shops.
You paid 17731 gold pieces to Gozag.

Inventory:

Hand Weapons
 a - a +9 broad axe of venom
 b - a +3 fustibalus of flaming
 e - a +2 vorpal dagger
 k - the +6 hand axe of the Spinneret (weapon) {antimagic, rN+ Will+ Int+5}
   (You found it on level 5 of the Dungeon)

   It reduces the magical energy of the wielder, and disrupts the spells and
   magical abilities of those it strikes.
   Natural abilities and divine invocations are not affected.
   Int:       It affects your intelligence (+5).
   rN:        It protects you from negative energy.
   Will:      It increases your willpower.
 l - a +3 bardiche of protection
 r - the +7 war axe of Greed {elec, +Blink rCorr Str+3}
   (You found it on level 5 of the Dungeon)

   It occasionally discharges a powerful burst of electricity upon striking a
   foe.
   Str:       It affects your strength (+3).
   +Blink:    It lets you blink.
   rCorr:     It protects you from acid and corrosion.
 u - the +7 great mace "Firestarter" {inner flame, rF++}
   (You found it on level 13 of the Dungeon)

   It burns those it strikes, dealing additional fire damage.
   It fills those it strikes with an explosive inner flame.
   It grants immunity to clouds of flame.
   rF:        It greatly protects you from fire.
 J - the +5 spear of the Wheel {drain, rElec}
   (You took it off an ogre mage on level 5 of the Vaults)

   A truly terrible weapon, it drains the life of any living foe it strikes.
   rElec:     It insulates you from electricity.
 K - a +5 scimitar of flaming
 R - the +3 great sword "Hyirghec" {flame, rCorr Str+4}
   (You found it on level 6 of the Lair of Beasts)

   It burns those it strikes, dealing additional fire damage.
   Big, fiery blades are also staple armaments of hydra-hunters.
   Str:       It affects your strength (+4).
   rCorr:     It protects you from acid and corrosion.
Missiles
 U - 9 javelins
 Z - a throwing net (quivered)
Armour
 c - a scarf of repulsion (melded)
 j - a +3 buckler (worn)
 o - a +2 chain mail of positive energy
 z - a +2 plate armour of willpower
 D - the +1 ring mail of Foolhardiness (melded) {Str+6}
   (You found it on level 11 of the Dungeon)

   Str:       It affects your strength (+6).
 I - a +2 pair of boots (melded)
 L - a +2 pair of gloves (melded)
 Q - a scarf of resistance
Jewellery
 n - a +4 ring of evasion
 s - a ring of willpower
 A - a ring of see invisible
 C - a +6 ring of strength
 E - the ring of Peh Tomp {rC+ Str+3}
   (You took it off a merfolk javelineer on level 4 of the Shoals)

   [ring of protection from cold]

   Str:       It affects your strength (+3).
   rC:        It protects you from cold.
 F - the ring "Fixyiza" (left branch) {rPois rF+ Str+6 Int-2 Slay+3}
   (You acquired it on level 13 of the Dungeon)

   [ring of strength]

   Str:       It affects your strength (+6).
   Int:       It affects your intelligence (-2).
   Slay:      It affects your accuracy & damage with ranged weapons and melee
   (+3).
   rF:        It protects you from fire.
   rPois:     It protects you from poison.
 G - a +6 ring of dexterity
 H - a ring of wizardry
 N - an amulet of regeneration (around neck)
 P - a ring of flight
 S - a ring of resist corrosion
 T - a ring of magical power
 Y - a ring of protection from fire (right branch)
Wands
 g - a wand of digging (10)
 i - a wand of flame (8)
 m - a wand of paralysis (22)
 W - a wand of mindburst (12)
Scrolls
 v - 16 scrolls of teleportation
 w - 3 scrolls of fear
 y - 8 scrolls of magic mapping
 X - 3 scrolls of poison
Potions
 d - 5 potions of brilliance
 f - 4 potions of resistance
 h - 7 potions of ambrosia
 p - 5 potions of magic
 q - a potion of cancellation
 t - 5 potions of lignification
 x - 5 potions of curing
 B - 8 potions of flight
 M - 4 potions of invisibility
 V - 4 potions of berserk rage
Miscellaneous
 O - a condenser vane


   Skills:
 - Level 16.3 Fighting
 + Level 11.6(11.8) Axes
 - Level 2.4(7.8) Maces & Flails
 + Level 9.3 Armour
 - Level 8.3 Dodging
 - Level 11.7 Stealth
 - Level 11.2 Shields
 - Level 10.2 Spellcasting
 - Level 9.6 Conjurations
 - Level 7.3 Hexes
 - Level 7.0 Summonings
 - Level 5.4 Necromancy
 - Level 7.4 Translocations
 - Level 9.5 Transmutations
 - Level 12.7 Fire Magic
 - Level 7.7 Ice Magic
 - Level 5.2 Air Magic
 * Level 7.2 Earth Magic
 - Level 7.0 Poison Magic


You had 2 spell levels left.
You knew the following spells:

 Your Spells              Type           Power      Damage    Failure   Level
a - Apportation           Tloc           100%       N/A       1%          1
b - Tukima's Dance        Hex            63%        N/A       1%          3
c - Cause Fear            Hex            31%        N/A       3%          4
d - Stone Arrow           Conj/Erth      100%       3d13      1%          3
e - Flame Wave            Conj/Fire      78%        2d14      1%          4
f - Poisonous Vapours     Pois/Air       100%       N/A       1%          2
g - Olgreb's Toxic Radia  Pois           62%        N/A       3%          4
h - Summon Ice Beast      Ice/Summ       64%        N/A       3%          4
i - Swiftness             Air            54%        N/A       1%          3
j - Irradiate             Conj/Tmut      36%        3d25      3%          5
k - Borgnjor's Vile Clut  Necr/Erth      29%        N/A       12%         5

Your spell library contained the following spells:

 Spells                   Type           Power      Damage    Failure   Level
 Foxfire                  Conj/Fire      100%       2x1d9     1%          1
 Freeze                   Ice            100%       1d11      1%          1
 Magic Dart               Conj           100%       1d8       1%          1
 Necrotize                Necr           100%       1d9       1%          1
 Sandblast                Erth           100%       2d20      1%          1
 Shock                    Conj/Air       100%       1d9       1%          1
 Sting                    Tmut/Pois      100%       1d8       1%          1
 Summon Small Mammal      Summ           100%       N/A       1%          1
 Blink                    Tloc           100%       N/A       1%          2
 Ensorcelled Hibernation  Hex/Ice        100%       N/A       1%          2
 Passwall                 Tmut/Erth      56%        N/A       1%          2
 Searing Ray              Conj           100%       2d8       1%          2
 Sublimation of Blood     Necr           55%        N/A       1%          2
 Call Canine Familiar     Summ           62%        N/A       1%          3
 Conjure Flame            Conj/Fire      78%        6-21      1%          3
 Dazzling Flash           Conj/Hex       100%       N/A       1%          3
 Frozen Ramparts          Ice            100%       1d12      1%          3
 Ignite Poison            Fire/Tmut/Pois 73%        N/A       1%          3
 Inner Flame              Hex/Fire       74%        N/A       1%          3
 Lesser Beckoning         Tloc           64%        N/A       1%          3
 Mephitic Cloud           Conj/Pois/Air  63%        N/A       1%          3
 Ozocubu's Armour         Ice            65%        N/A       1%          3
 Portal Projectile        Hex/Tloc       100%       N/A       1%          3
 Spider Form              Tmut/Pois      67%        N/A       1%          3
 Summon Guardian Golem    Hex/Summ       63%        N/A       1%          3
 Teleport Other           Tloc           64%        N/A       1%          3
 Fulminant Prism          Conj/Hex       34%        3d16      1%          4
 Petrify                  Tmut/Erth      68%        N/A       1%          4
 Fireball                 Conj/Fire      39%        3d16      1%          5
 Passage of Golubria      Tloc           64%        N/A       2%          4
 Animate Armour           Summ/Erth      100%       N/A       3%          4
 Leda's Liquefaction      Hex/Erth       31%        N/A       3%          4
 Blade Hands              Tmut           36%        N/A       3%          5
 Iskenderun's Battlesphe  Conj           73%        2d12      3%          5
 Anguish                  Hex/Necr       29%        N/A       4%          4
 Dispel Undead            Necr           55%        3d20      6%          4
 Airstrike                Air            27%        N/A       7%          4
 Freezing Cloud           Conj/Ice/Air   32%        6-21      8%          5
 Manifold Assault         Tloc           64%        N/A       8%          5
 Metabolic Englaciation   Hex/Ice        32%        N/A       8%          5
 Summon Forest            Summ/Tloc      31%        N/A       9%          5
 Silence                  Hex/Air        29%        N/A       13%         5
 Agony                    Necr           55%        N/A       19%         5
 Iron Shot                Conj/Erth      34%        9d7       28%         6
 Eringya's Noxious Bog    Tmut/Pois      33%        N/A       30%         6
 Statue Form              Tmut/Erth      45%        N/A       30%         6
 Death Channel            Necr           27%        N/A       69%         6
 Dragon Form              Tmut           36%        N/A       71%         7
 Spellforged Servitor     Conj/Summ      34%        N/A       86%         7
 Ozocubu's Refrigeration  Ice            32%        4d11      91%         7
 Ignition                 Fire           42%        3d12      91%         8
 Summon Hydra             Summ           31%        N/A       96%         7
 Haunt                    Necr/Summ      29%        N/A       98%         7
 Infestation              Necr           27%        N/A       100%        8
 Lehudib's Crystal Spear  Conj/Erth      34%        10d9      100%        8
 Dragon's Call            Summ           31%        N/A       100%        9
 Polar Vortex             Ice            32%        N/A       100%        9
 Animate Dead             Necr           Unusable   N/A       N/A         4
 Simulacrum               Ice/Necr       Unusable   N/A       N/A         6

Dungeon Overview and Level Annotations

Branches:
Dungeon (15/15)            Temple (1/1) D:4            Lair (6/6) D:10
 Shoals (4/4) Lair:3       Spider (4/4) Lair:2        Slime (1/5) Lair:6
    Orc (2/2) D:12            Elf (2/3) Orc:2        Vaults (5/5) D:13
  Crypt (0/3) Vaults:3     Depths (0/4) D:15         Bailey (visited)
  IceCv (visited)         Volcano (visited)

Altars:
Ashenzari
Cheibriados
Dithmenos
Elyvilon
Fedhas
Gozag
Hepliaklqana
Kikubaaqudgha
Makhleb
Nemelex Xobeh
Okawaru
Qazlal
Ru
Sif Muna
Trog
Uskayaw
Vehumet
Wu Jian
Xom
Yredelemnul
Zin
The Shining One
Jiyva

Shops:
D:1 =   D:3 *   D:8 *(   D:12 (   D:14 *   Orc:1 !   Orc:2 (=*(?   Elf:1 *
Elf:2 :   Shoals:3 *[(*   Shoals:4 *   Vaults:1 =   Vaults:2 [

Annotations:
D:15 2 runed translucent doors, Xuokouwn's ghost, journeyman DsBe
Lair:6 3 runed translucent doors, dang3rdave's ghost, journeyman GrTm


Innate Abilities, Weirdness & Mutations

You are a tree.
Your roots penetrate the ground, keeping you stationary.
You cannot be teleported.
You are immune to unholy pain and torment.
Your maximum health is greatly increased.
Your equipment is partially melded.
((You have a pair of large horns on your head.))
You have a moderately thin skeletal structure. (Dex +4, Stealth++)
A meltable icy envelope protects you from harm. (AC +0)
A meltable shield of frost defends you. (SH +0)
Spells you cast may paralyse nearby enemies.
Your presence sometimes corrodes those you injure.
((Your flesh is cold resistant. (rC+)))
You are somewhat resistant to further mutation.


Message History

You feel a surge of power!
A wave of flame ripples out!
The flame wave engulfs something! (Press . to intensify the flame waves.) Malevolent energies surge around you.
You hear some strange, mumbled words.
Something tries to affect you, but you resist.
The tentacled monstrosity is distracted by your dazzling golden aura.
A wave of flame ripples out!
The flame wave engulfs something.
The flame wave engulfs the tentacled monstrosity!
The tentacled monstrosity resists.
The tentacled monstrosity is moderately wounded.
The tentacled monstrosity is no longer distracted by gold.
The flame wave engulfs the titan!
The titan is almost dead.
The flame wave engulfs the tentacled monstrosity!
The tentacled monstrosity resists.
The tentacled monstrosity is lightly wounded.
The titan mumbles some strange words.
The titan is healed somewhat.
The tentacled monstrosity is distracted by your dazzling golden aura.
You hear a shout!
A wave of flame ripples out!
The flame wave engulfs something but does no damage.
The flame wave engulfs the war gargoyle.
The war gargoyle resists.
The war gargoyle is lightly damaged.
The flame wave engulfs the titan!!
The titan seems to be corroded for longer.
The titan is almost dead.
The flame wave engulfs the tentacled monstrosity.
The tentacled monstrosity resists.
The tentacled monstrosity is lightly wounded.
The tentacled monstrosity is no longer distracted by gold.
You finish channelling waves of flame.
You hear a shout!
You hear a deafening roar! x2; You hear a shout!
You hear some strange, mumbled words.
A bolt of acid appears from out of thin air!
The bolt of acid hits you!! You resist.
You die...
Your body crumbles into a pile of gold.

,**,,,,*,,,,#.....##D.#,#[#.*..##
,**,,,,*,,,,#..##..##.###[###.##.
**,,,,,*,,,,#...##..#..##.##..#..
**,,,,,*,,,,#.......##.##)##.##))
,,,,,,,*,,,,#..####....##)##L2).#
**,,,,,*,,,,#...,,###...#.#.1(###
**,,,,,*,,,,#..X,,,.##..OTC..##..
,**,,,,*,,,,#.9####..##.#O#.##..#
,**,,,,*,,,,#.C{♣.#*..#.#C#.#..##
,,**,,,*,,,,#.X##$.##.###.###.##.
,,**,,,*,,,,#...##..#..##!##..#..
,,,**,,*,,,,#....##.#..##?##..#.#
,,,*****.,,,#..#..#.#..#####..#.#
,,,,,,,*....#....................
,,,,,,,,.........................
******,,......###################
,,,,,,,,.....,,,,,,,,,,,,,,,,,,,,


You could see a tentacled monstrosity, a titan (corroded) and a war gargoyle.

Vanquished Creatures
  An ancient lich (Vaults:5)
  Bai Suzhen (Shoals:3)
  Arachne (Spider:3)
  Jorgrun (D:14)
  A tentacled monstrosity (Vaults:5)
  A titan (Vaults:5)
  A quicksilver dragon (Vaults:5)
  2 krakens
  Frances (Elf:1)
  2 shadow dragons
  3 sphinxes
  Agnes (Spider:4)
  2 storm dragons
  Ilsuiw (Shoals:2)
  2 fire giants (Vaults:5)
  2 vault wardens (Vaults:2)
  A deep elf sorcerer (Vaults:5)
  6 emperor scorpions
  An orc warlord (Orc:1)
  2 ghost moths (Spider:4)
  4 ironbound preservers
  2 broodmothers
  11 very ugly things
  2 stone giants (Vaults:5)
  An ironbound thunderhulk (Vaults:1)
  Nessos (D:13)
  2 dire elephants (Vaults:2)
  4 spark wasps
  Azrael (Orc:2)
  4 entropy weavers
  A deep elf death mage (Vaults:4)
  10 merfolk javelineers
  An ettin (shapeshifter) (Vaults:5)
  8 merfolk impalers
  The ghost of zhov the Covert, a journeyman FoFi of Dithmenos (Lair:2)
  A deep elf high priest (Vaults:5)
  A fire dragon (Lair:6)
  5 yaktaur captains (Vaults:5)
  2 ettins
  4 boulder beetles
  Josephine (D:11)
  A salamander tyrant (D:12)
  8 vault guards
  2 ogre magi
  2 great orbs of eyes
  9 hydras
  A merfolk avatar (Shoals:4)
  A catoblepas (D:15)
  10 two-headed ogres
  9 centaur warriors
  3 jorogumos
  7 radroaches
  2 merfolk aquamancers
  An ironbound frostheart (Vaults:1)
  Erica (D:11)
  A death knight (D:15)
  A death yak (shapeshifter) (Vaults:5)
  3 alligator snapping turtles
  4 satyrs
  A tengu warrior (D:15)
  A deep troll earth mage (Vaults:4)
  4 orc high priests (Orc:2)
  Nergalle (D:12)
  3 hell knights (Vaults:4)
  3 sun demons (D:12)
  Sonja (D:11)
  11 deep elf knights
  7 skeletal warriors
  2 sun moths
  9 pharaoh ants
  A flayed ghost (D:15)
  6 sea snakes
  A deep troll (shapeshifter) (Vaults:5)
  11 deep trolls
  10 steelbarb worms
  A swamp dragon (Lair:6)
  10 orb spiders
  7 wizards
  5 deep elf archers
  Lodul (D:9)
  2 spriggan simulacra (IceCv)
  12 deep elf zephyrmancers
  A tengu zombie (D:15)
  2 necromancers
  5 phantasmal warriors
  2 lindwurms
  An ironbound convoker (Vaults:5)
  6 orc knights
  A golden dragon skeleton (D:15)
  25 deep elf pyromancers
  15 harpies
  16 wolf spiders
  A mana viper (shapeshifter) (Vaults:5)
  4 orc sorcerers
  11 manticores
  22 fauns
  5 moths of wrath
  20 ugly things
  6 cyclopes
  5 black mambas
  A manticore (shapeshifter) (Vaults:5)
  Joseph (D:9)
  13 merfolk sirens
  9 elephants
  A frost giant skeleton (D:15)
  4 water nymphs
  5 toenail golems (Volcano)
  5 vault sentinels
  2 smoke demons
  2 gargoyles
  Psyche (D:9)
  4 torpor snails
  9 cane toads
  5 rime drakes
  14 komodo dragons
  9 demonic crawlers
  2 unseen horrors
  6 yaktaurs
  A tengu conjurer (D:15)
  2 entropy weaver simulacra (IceCv)
  3 freezing wraiths
  An efreet (D:12)
  An ice devil (IceCv)
  21 merfolk
  9 polar bears (Lair:6)
  Grinder (D:5)
  A hornet (shapeshifter) (Vaults:4)
  3 meliai (Spider:4)
  8 trolls
  A hornet (Lair:2)
  6 wind drakes
  3 raiju (Lair:6)
  32 tarantellas
  17 slime creatures
  6 snapping turtles
  19 blink frogs
  An air elemental (Elf:2)
  32 jumping spiders
  5 spriggans (Lair:2)
  21 culicivoras
  4 wyverns
  13 water elementals
  2 shadows
  48 yaks
  6 wraiths
  A golden eye (shapeshifter) (Elf:2)
  4 basilisks
  Eustachio (D:4)
  45 redbacks
  5 steam dragons
  6 fire elementals
  6 vampire mosquitoes
  12 wargs
  4 acid dragons
  19 water moccasins
  Duvessa (D:6)
  15 hell hounds
  A swamp drake (Lair:6)
  2 sky beasts
  A glowing shapeshifter skeleton (D:15)
  30 orc warriors
  16 black bears
  An ice beast (D:4)
  22 ogres
  32 wolves
  5 centaurs
  A phantom (D:6)
  Blork the orc (D:6)
  10 kobold brigands
  14 bullfrogs
  A gnoll sergeant (D:6)
  4 scorpions
  4 earth elementals
  A necrophage (D:6)
  Dowan (D:6)
  A nameless horror (Shoals:2)
  A howler monkey (D:8)
  6 electric eels
  5 jellies
  2 hounds (D:10)
  Crazy Yiuf (D:2)
  4 gnoll shamans
  21 orc priests
  6 iguanas
  22 orc wizards
  10 hell rats (Lair:4)
  Robin (D:3)
  12 gnolls
  12 adders
  A white imp (D:7)
  An ufetubus (D:5)
  3 worms
  3 dart slugs
  84 orcs
  11 ball pythons
  8 bats
  11 endoplasms
  2 giant cockroaches
  18 goblins
  8 hobgoblins
  27 kobolds
  A quokka (D:3)
  5 frilled lizards
  2 rats
  A bush (D:6)
  8 tentacles
1348 creatures vanquished.

Vanquished Creatures (collateral kills)
  2 sphinxes
  A tengu reaver (Vaults:3)
  Donald (Spider:3)
  A fire giant (Vaults:3)
  5 vault wardens
  8 ironbound preservers
  4 very ugly things
  An ironbound thunderhulk (Vaults:2)
  2 dire elephants
  A spark wasp (Spider:4)
  An ettin (Vaults:3)
  5 yaktaur captains
  7 vault guards
  2 boulder beetles
  10 centaur warriors
  A merfolk avatar (Shoals:3)
  2 dancing weapons
  6 ironbound frosthearts
  2 two-headed ogres (D:15)
  A vampire mage (Vaults:3)
  A hell knight (Vaults:4)
  2 deep elf knights
  4 sea snakes
  A pharaoh ant (Spider:4)
  20 deep trolls
  An orb spider (Spider:4)
  3 lindwurms
  A wizard (Vaults:1)
  10 ironbound convokers
  2 deep elf archers
  An orc knight (Vaults:5)
  2 wolf spiders
  6 harpies
  2 deep elf pyromancers (Elf:2)
  5 ugly things
  2 deep elf zephyrmancers
  3 fauns
  8 vault sentinels
  4 merfolk sirens
  A water nymph (Shoals:3)
  12 yaktaurs
  A meliai (shapeshifter) (Elf:2)
  6 merfolk
  A wind drake (Shoals:2)
  2 dream sheep (Shoals:3)
  13 slime creatures
  2 air elementals (Elf:2)
  2 jumping spiders
  3 vampires (Vaults:3)
  A water elemental (Shoals:2)
  2 redbacks (Vaults:5)
  An orc warrior (Vaults:5)
  A sky beast (shapeshifter) (Vaults:3)
  2 ogres
  3 earth elementals
  3 orcs (Vaults:5)
197 creatures vanquished.

Vanquished Creatures (others)
  A tentacled monstrosity (Vaults:5)
  A sphinx (Vaults:1)
  2 vault wardens
  An orc warlord (Vaults:3)
  A deep elf elementalist (Elf:2)
  2 ironbound preservers
  An ironbound thunderhulk (Vaults:3)
  A deep elf demonologist (Elf:2)
  2 deep elf death magi
  2 yaktaur captains (Vaults:5)
  A great orb of eyes (Vaults:2)
  An ettin (shapeshifter) (Vaults:5)
  14 vault guards
  An ogre mage (Vaults:5)
  4 ironbound frosthearts
  2 centaur warriors
  33 dancing weapons
  3 deep elf knights (Elf:2)
  15 deep trolls
  A harpy (Shoals:4)
  2 lindwurms (Vaults:1)
  3 deep elf archers (Elf:2)
  4 ironbound convokers
  2 orc knights
  3 deep elf zephyrmancers (Elf:2)
  8 deep elf pyromancers (Elf:2)
  A faun (Shoals:3)
  An ugly thing (Vaults:1)
  5 vault sentinels
  6 yaktaurs
  A water elemental (Shoals:2)
  A steam dragon (Lair:6)
  2 redbacks (Vaults:5)
  An orc wizard (Orc:2)
  An orc (Orc:2)
  A kobold (D:11)
  31 fungi
  93 plants
  13 tentacles
  10 withered plants (D:15)
278 creatures vanquished.

Grand Total: 1823 creatures vanquished

Notes
Turn   | Place    | Note
-------+----------+-------------------------------------------
     0 | D:5      | croobank the Demonspawn Delver began the quest for the Orb.
     0 | D:5      | Reached XP level 1. HP: 18/18 MP: 1/1
    40 | D:5      | Noticed a jelly
    50 | D:5      | Identified the +6 hand axe of the Spinneret {antimagic, rN+
                  | Will+ Int+5}
    56 | D:5      | Noticed a centaur
    83 | D:4      | Noticed an ogre
   132 | D:3      | Identified the +2 helmet of Divine Compulsion {Int+3}
   132 | D:3      | Noticed Robin
   375 | D:3      | Killed Robin
   376 | D:3      | Gained mutation: Spells you cast may paralyse adjacent
                  | enemies. [demonic ancestry]
   376 | D:3      | Reached XP level 2. HP: 16/24 MP: 0/2
   635 | D:2      | Gained mutation: A meltable shield of frost defends you.
                  | (SH +0) [demonic ancestry]
   635 | D:2      | Reached XP level 3. HP: 29/29 MP: 1/3
   833 | D:1      | Found Ysossau's Jewellery Boutique.
  1418 | D:1      | Reached skill level 5 in Stealth
  1574 | D:1      | Found a faded altar of an unknown god.
  1821 | D:2      | Gained mutation: You have a pair of small horns on your
                  | head. [demonic ancestry]
  1821 | D:2      | Reached XP level 4. HP: 35/35 MP: 1/4
  2103 | D:2      | Found a runed translucent door.
  2110 | D:2      | Noticed Crazy Yiuf
  2625 | D:3      | Reached XP level 5. HP: 36/42 MP: 1/5
  2821 | D:3      | Reached skill level 4 in Fighting
  2824 | D:3      | Found Cawoguc's Assorted Antiques.
  3234 | D:4      | Gained mutation: A meltable icy envelope protects you from
                  | harm. (AC +0) [demonic ancestry]
  3234 | D:4      | Reached XP level 6. HP: 36/48 MP: 2/6
  3337 | D:4      | Found a staircase to the Ecumenical Temple.
  3373 | Temple   | Entered the Ecumenical Temple
  3627 | D:4      | Reached XP level 7. HP: 26/55 MP: 2/7
  3930 | D:4      | Found a sacrificial altar of Ru.
  4098 | D:4      | Reached skill level 5 in Fighting
  4116 | D:4      | Noticed Eustachio
  4125 | D:4      | Killed Eustachio
  5128 | D:5      | Gained mutation: You have a somewhat thin skeletal
                  | structure. (Dex +2, Stealth+) [demonic ancestry]
  5128 | D:5      | Reached XP level 8. HP: 52/63 MP: 2/8
  5187 | D:5      | Found a shadowy altar of Dithmenos.
  5367 | D:5      | Noticed Grinder
  5384 | D:5      | Killed Grinder
  5385 | D:5      | Reached skill level 5 in Axes
  5482 | D:5      | Reached skill level 6 in Fighting
  5482 | D:5      | Reached skill level 5 in Dodging
  5512 | D:5      | Identified the +7 war axe of Greed {elec, +Blink rCorr
                  | Str+3}
  5940 | D:6      | Found a burning altar of Makhleb.
  5941 | D:6      | Found a radiant altar of Vehumet.
  5945 | D:6      | Found an opulent altar of Gozag.
  5967 | D:6      | Became a worshipper of Gozag Ym Sagoz the Greedy
  5976 | D:6      | Noticed Blork the orc
  5985 | D:6      | Killed Blork the orc
  6349 | D:6      | Noticed Duvessa
  6351 | D:6      | Noticed Dowan
  6359 | D:6      | Killed Dowan
  6360 | D:6      | Gained mutation: A meltable icy envelope protects you from
                  | harm. (AC +0) [demonic ancestry]
  6360 | D:6      | Reached XP level 9. HP: 68/71 MP: 9/9
  6365 | D:6      | Killed Duvessa
  6637 | D:7      | Reached skill level 7 in Fighting
  7580 | D:8      | Gained mutation: Spells you cast may paralyse nearby
                  | enemies. [demonic ancestry]
  7580 | D:8      | Reached XP level 10. HP: 63/80 MP: 10/10
  7716 | D:8      | Reached skill level 8 in Fighting
  7823 | D:8      | Noticed a manticore
  8042 | D:8      | Noticed a centaur warrior
  8055 | D:8      | Killed a centaur warrior
  8193 | D:8      | Found Lohohud's Gadget Gallery.
  8541 | D:8      | Found Touzaobeawn's Weapon Shoppe.
  8624 | D:8      | Found an iron altar of Okawaru.
  9178 | D:8      | Noticed a cyclops
  9191 | D:8      | Killed a cyclops
  9209 | D:8      | Noticed a cyclops
  9233 | D:8      | Killed a cyclops
  9400 | D:8      | Noticed a green ugly thing
  9410 | D:8      | Killed a green ugly thing
  9411 | D:8      | Reached skill level 9 in Fighting
  9424 | D:8      | Killed a manticore
  9514 | D:9      | Found a flagged portal.
  9542 | Bailey   | Entered a bailey
  9572 | Bailey   | Reached XP level 11. HP: 88/89 MP: 11/11
  9826 | Bailey   | Found an iron altar of Okawaru.
  9885 | D:9      | Identified the +5 robe "Luown" {rCorr Slay+3}
 10039 | D:9      | Noticed Joseph
 10049 | D:9      | Killed Joseph
 10050 | D:9      | Reached skill level 10 in Stealth
 10301 | D:9      | Learned a level 1 spell: Apportation
 10310 | D:9      | Noticed a centaur warrior
 10316 | D:9      | Killed a centaur warrior
 10543 | D:9      | Noticed Psyche
 10556 | D:9      | Killed Psyche
 10557 | D:9      | Reached skill level 1 in Shields
 10557 | D:9      | Reached skill level 1 in Conjurations
 10557 | D:9      | Reached skill level 1 in Hexes
 10626 | D:10     | Entered Level 10 of the Dungeon
 10632 | D:10     | Learned a level 3 spell: Tukima's Dance
 10641 | D:10     | Noticed Lodul
 10651 | D:9      | Reached skill level 1 in Armour
 10651 | D:9      | Reached skill level 1 in Spellcasting
 10886 | D:10     | Noticed a two-headed ogre
 10895 | D:10     | Killed a two-headed ogre
 10997 | D:9      | Killed Lodul
 10998 | D:9      | Reached skill level 10 in Fighting
 11412 | D:10     | Found a sparkling altar of Nemelex Xobeh.
 11572 | D:10     | Found a staircase to the Lair.
 11873 | D:11     | Found a basalt altar of Yredelemnul.
 11883 | D:11     | Noticed a green ugly thing
 11888 | D:11     | Killed a green ugly thing
 12025 | D:11     | Reached XP level 12. HP: 97/97 MP: 15/15
 12088 | D:11     | Reached XP level 13. HP: 104/104 MP: 16/16
 12131 | D:11     | Noticed Josephine
 12143 | D:11     | Killed Josephine
 12252 | D:11     | Identified the +1 ring mail of Foolhardiness {Str+6}
 12636 | D:11     | Noticed Erica
 12645 | D:11     | Killed Erica
 12847 | D:11     | Noticed Sonja
 12855 | D:11     | Killed Sonja
 13462 | D:12     | Found a staircase to the Orcish Mines.
 13544 | D:12     | Noticed Nergalle
 13576 | D:12     | Killed Nergalle
 13678 | D:12     | Found a sacrificial altar of Ru.
 13941 | D:12     | Learned a level 4 spell: Cause Fear
 13948 | D:12     | Learned a level 3 spell: Stone Arrow
 14115 | D:12     | Found Qomiler's Weapon Shoppe.
 14136 | D:12     | Reached skill level 11 in Fighting
 14452 | D:13     | Identified 2 scrolls of acquirement
 14452 | D:13     | Acquired the ring "Fixyiza" {rPois rF+ Str+6 Int-2 Slay+3}
 14506 | D:13     | Found the +7 great mace "Firestarter" {inner flame, rF++}
 14629 | D:12     | HP: 4/106 [sun demon (4)]
 14786 | D:13     | Noticed Nessos
 15182 | D:13     | Killed Nessos
 15256 | D:13     | Found a gate to the Vaults.
 15321 | D:13     | Reached skill level 1 in Fire Magic
 15541 | D:13     | Acquired Sif Muna's Guide on Sinister Combat Magic
 15618 | D:13     | Got the Handbook of Orientation and Cold
 15849 | Lair:1   | Entered Level 1 of the Lair of Beasts
 15872 | Lair:1   | Learned a level 4 spell: Flame Wave
 16100 | Lair:1   | Found a shimmering altar of Xom.
 16124 | Lair:1   | Reached skill level 1 in Maces & Flails
 16135 | Lair:1   | Gained mutation: Your presence sometimes corrodes those you
                  | injure. [demonic ancestry]
 16135 | Lair:1   | Reached XP level 14. HP: 113/113 MP: 20/20
 16614 | Lair:2   | Found a transporter.
 16619 | Lair:2   | Found a bloodstained altar of Trog.
 16704 | Lair:2   | Found a hole to the Spider Nest.
 17122 | Lair:2   | Reached skill level 5 in Hexes
 17254 | Lair:2   | Reached skill level 5 in Conjurations
 17338 | Lair:2   | Found a transporter.
 17603 | Lair:2   | Noticed zhov's ghost (journeyman FoFi)
 17705 | Lair:3   | Reached skill level 12 in Fighting
 17757 | Lair:3   | Got the Volume of Ashen Poisoning
 17883 | Lair:3   | Reached skill level 5 in Fire Magic
 18248 | Lair:3   | Found a staircase to the Shoals.
 18392 | Lair:3   | Learned a level 2 spell: Poisonous Vapours
 18856 | Lair:4   | Reached skill level 1 in Poison Magic
 19355 | Lair:5   | Reached skill level 5 in Armour
 19422 | Lair:5   | Reached skill level 1 in Air Magic
 19444 | Lair:5   | Upgraded the game from 0.29-a0-676-ga64570c9d2 to
                  | 0.29-a0-700-g2f1814c7b2
 19449 | Lair:5   | Learned a level 4 spell: Olgreb's Toxic Radiance
 19541 | Lair:5   | Reached skill level 5 in Shields
 19551 | Lair:5   | Reached skill level 5 in Spellcasting
 20268 | Lair:6   | Entered Level 6 of the Lair of Beasts
 20388 | Lair:6   | Noticed dang3rdave's ghost (journeyman GrTm)
 20675 | Lair:6   | Gained mutation: You have a pair of horns on your head.
                  | [demonic ancestry]
 20675 | Lair:6   | Reached XP level 15. HP: 117/122 MP: 22/22
 20705 | Lair:6   | Found a runed translucent gate.
 20706 | Lair:6   | Found a runed translucent gate.
 20707 | Lair:6   | Found a runed translucent gate.
 20726 | Lair:6   | Found a viscous altar of Jiyva.
 20727 | Lair:6   | Found a staircase to the Slime Pits.
 22003 | Lair:6   | Identified the +3 great sword "Hyirghec" {flame, rCorr
                  | Str+4}
 22203 | Lair:6   | Reached skill level 1 in Earth Magic
 22402 | Lair:6   | Learned a level 4 spell: Summon Ice Beast
 22694 | D:2      | Killed Crazy Yiuf
 22912 | Orc:1    | Entered Level 1 of the Orcish Mines
 22944 | Orc:1    | Found Ugemups's Distillery.
 23020 | Orc:1    | Noticed an orc warlord
 23040 | Orc:1    | Killed an orc warlord
 23041 | Orc:1    | Reached skill level 1 in Summonings
 23688 | Orc:2    | Entered Level 2 of the Orcish Mines
 23929 | Orc:2    | Found a dark tunnel.
 23933 | Volcano  | Entered a volcano
 24481 | Orc:2    | Noticed Azrael
 24493 | Orc:2    | Killed Azrael
 24494 | Orc:2    | Reached skill level 13 in Fighting
 24778 | Orc:2    | Found a staircase to the Elven Halls.
 25502 | Orc:2    | Found Yziptad's Antique Weapon Emporium.
 25502 | Orc:2    | Found Zaon's Magic Scroll Shop.
 25508 | Orc:2    | Found Baitanec's Jewellery Emporium.
 25508 | Orc:2    | Found Quarr's Antique Weapon Shop.
 25519 | Orc:2    | Bought a scroll of blinking for 82 gold pieces
 25900 | Slime:1  | Entered Level 1 of the Pits of Slime
 25977 | Shoals:1 | Entered Level 1 of the Shoals
 26614 | Spider:1 | Entered Level 1 of the Spider Nest
 26968 | Spider:1 | Reached XP level 16. HP: 129/131 MP: 25/25
 27244 | Spider:1 | Reached skill level 5 in Summonings
 28450 | Spider:2 | Reached skill level 5 in Poison Magic
 29518 | Spider:2 | Reached skill level 5 in Air Magic
 30156 | Spider:3 | Noticed Arachne
 30174 | Spider:3 | HP: 1/131 [Arachne/staff of poison (10)]
 30177 | Spider:3 | Killed Arachne
 30412 | Spider:3 | Noticed Donald
 30765 | Orc:2    | Bought 2 scrolls of enchant weapon for 165 gold pieces
 30768 | Orc:2    | Bought a scroll of enchant weapon for 82 gold pieces
 30768 | Orc:2    | Bought a scroll of enchant weapon for 82 gold pieces
 30961 | Lair:2   | Learned a level 3 spell: Swiftness
 30997 | Lair:2   | Killed zhov's ghost
 31275 | Elf:1    | Entered Level 1 of the Elven Halls
 31280 | Elf:1    | Reached skill level 1 in Ice Magic
 31520 | Elf:1    | Reached skill level 14 in Fighting
 31532 | Elf:1    | Reached XP level 17. HP: 89/139 MP: 19/27
 31707 | Elf:1    | Found Xeese's General Store.
 31715 | Elf:1    | Bought a scroll of summoning for 95 gold pieces
 32003 | Elf:1    | Noticed Frances
 32016 | Elf:1    | Killed Frances
 32549 | Elf:2    | Paralysed by an air elemental for 1 turns
 32555 | Elf:2    | Paralysed by an air elemental for 1 turns
 32578 | Elf:2    | Paralysed by an air elemental for 1 turns
 32942 | Elf:2    | Found Qacwuffes's Book Shop.
 33099 | Elf:2    | Reached skill level 10 in Fire Magic
 33226 | Elf:2    | HP: 3/140 [deep elf archer/arrow (16)]
 33238 | Elf:2    | HP: 7/140 [+0 falchion (3)]
 33238 | Elf:2    | HP: 2/140 [+0 falchion (5)]
 33323 | Elf:2    | Got the Disquisition on Snow
 33930 | Spider:3 | Killed Donald
 33936 | Spider:3 | Reached skill level 5 in Ice Magic
 34231 | Spider:3 | HP: 6/140 [radroach (22)]
 34239 | Spider:3 | Gained mutation: Your magical capacity is low. (-10% MP)
                  | [mutagenic glow]
 34256 | Spider:3 | Gained mutation: You occasionally lose the ability to read
                  | scrolls when taking damage. [mutagenic glow]
 34701 | Spider:4 | Entered Level 4 of the Spider Nest
 34788 | Spider:4 | Noticed Agnes
 34793 | Spider:4 | Killed Agnes
 35490 | Spider:4 | Reached skill level 15 in Fighting
 35886 | Spider:4 | Gained mutation: You have a pair of large horns on your
                  | head. [demonic ancestry]
 35886 | Spider:4 | Reached XP level 18. HP: 127/149 MP: 19/25
 36187 | Spider:4 | Lost mutation: You occasionally lose the ability to read
                  | scrolls when taking damage. [potion of mutation]
 36187 | Spider:4 | Lost mutation: Your magical capacity is low. (-10% MP)
                  | [potion of mutation]
 36187 | Spider:4 | Gained mutation: You are frail. (-10% HP) [potion of
                  | mutation]
 36187 | Spider:4 | Lost mutation: You are frail. (-10% HP) [potion of
                  | mutation]
 36337 | Spider:4 | Got a gossamer rune of Zot
 36359 | Spider:4 | Identified the +1 hat of Inevitability {rF+ rCorr Str-3}
 36657 | Spider:4 | Reached skill level 10 in Shields
 36887 | Spider:4 | Gained mutation: You occasionally lose the ability to drink
                  | potions when taking damage. [mutagenic glow]
 37600 | D:14     | Found Naymelif's General Store.
 37612 | D:14     | Bought a scroll of enchant weapon for 120 gold pieces
 37666 | D:14     | Noticed Jorgrun
 37678 | D:14     | Killed Jorgrun
 38152 | D:15     | Entered Level 15 of the Dungeon
 38215 | D:15     | Found a staircase to the Depths.
 39386 | D:15     | Found a runed translucent door.
 39389 | D:15     | Found a runed translucent door.
 39392 | D:15     | Noticed a lich
 39393 | D:15     | Noticed Xuokouwn's ghost (journeyman DsBe)
 40245 | D:15     | Found a shadowy altar of Dithmenos.
 41269 | Shoals:1 | Reached skill level 16 in Fighting
 42545 | Shoals:2 | Noticed Ilsuiw
 42568 | Shoals:2 | Killed Ilsuiw
 43248 | Shoals:3 | Reached XP level 19. HP: 104/157 MP: 2/30
 43451 | Shoals:3 | Found Tuxa's Visitors' Centre.
 43608 | Shoals:3 | Found Tuxa's Merfolk Weapons.
 43609 | Shoals:3 | Found Tuxa's Merfolk Armours.
 43609 | Shoals:3 | Found Tuxa's Merfolk Magic.
 44010 | Shoals:3 | Noticed Bai Suzhen
 44053 | Shoals:3 | Killed Bai Suzhen
 44169 | Shoals:3 | Learned a level 5 spell: Irradiate
 44399 | Shoals:3 | Reached skill level 1 in Transmutations
 45212 | Shoals:4 | Entered Level 4 of the Shoals
 45212 | Shoals:4 | Found Bonyexav's Overcharged Wands.
 45228 | Shoals:4 | Found a frozen archway.
 45497 | IceCv    | Entered an ice cave
 45574 | IceCv    | Reached skill level 5 in Transmutations
 47231 | Shoals:4 | Identified the ring of Peh Tomp {rC+ Str+3}
 47624 | Shoals:4 | Lost mutation: You occasionally lose the ability to drink
                  | potions when taking damage. [potion of mutation]
 47624 | Shoals:4 | Gained mutation: You are somewhat resistant to further
                  | mutation. [potion of mutation]
 47624 | Shoals:4 | Gained mutation: Your flesh is cold resistant. (rC+)
                  | [potion of mutation]
 47679 | Shoals:4 | Got a barnacled rune of Zot
 47868 | Shoals:4 | HP: 3/157 [merfolk javelineer/silver javelin (8)]
 48584 | Elf:2    | Found a runed translucent gate.
 48585 | Elf:2    | Found a runed translucent gate.
 48585 | Elf:2    | Found a runed translucent gate.
 49294 | Vaults:1 | Entered Level 1 of the Vaults
 49802 | Vaults:1 | Found Hefy's Jewellery Shop.
 51186 | Vaults:2 | Reached XP level 20. HP: 165/165 MP: 20/32
 51254 | Vaults:2 | Reached skill level 10 in Axes
 51542 | Vaults:2 | Found Egrerif's Antique Armour Shop.
 52285 | Vaults:2 | Learned a level 5 spell: Borgnjor's Vile Clutch
 52760 | Vaults:3 | Found a staircase to the Crypt.
 53071 | Vaults:3 | Reached skill level 1 in Necromancy
 53774 | Vaults:4 | Reached skill level 10 in Spellcasting
 55017 | Vaults:5 | Entered Level 5 of the Vaults
 55168 | Vaults:5 | Reached skill level 5 in Necromancy
 55278 | Vaults:5 | Noticed a dread lich
 55573 | Vaults:5 | Reached skill level 5 in Earth Magic
 55573 | Vaults:5 | Gained mutation: You have a moderately thin skeletal
                  | structure. (Dex +4, Stealth++) [demonic ancestry]
 55573 | Vaults:5 | Reached XP level 21. HP: 40/164 MP: 6/35
 55578 | Vaults:5 | HP: 3/165 [yaktaur captain/bolt (14)]
 55594 | Vaults:5 | Identified the +0 chain mail "Coil" {rPois rC+}
 55602 | Vaults:5 | HP: 8/167 [yaktaur captain/bolt (19)]
 55699 | Vaults:5 | Noticed an ancient lich
 55724 | Vaults:5 | Killed an ancient lich
 55998 | Vaults:5 | Identified the +5 spear of the Wheel {drain, rElec}
 56737 | Vaults:5 | Got a silver rune of Zot
 56764 | Vaults:5 | Identified the +0 great sword of the Hand {flame, rCorr
                  | Dex+3}
 56764 | Vaults:5 | Identified the ring of Areacab {Fly Str+4 Int+2 Slay+3}
 56853 | Vaults:5 | HP: 9/238 [two-headed ogre/+0 dire flail (11)]
 56859 | Vaults:5 | Noticed an ancient lich
 56886 | Vaults:5 | Killed from afar by an ancient lich

Illustrated notes

Levels and vault maps discovered:
D:1:      evilmike_arrival_crescent, layout_basic, serial_shops,
          nicolae_shop_advertising_works [nicolae_subvault_shop_adworks],
          hellmonk_ecumenical_altar_inner_sanctum, minmay_heptomino_h4
D:2:      layout_rooms, kennysheep_crisscross, uniq_crazy_yiuf_cottage
D:3:      layout_loops_cross, serial_shops, nicolae_diamond_shop, uniq_robin
D:4:      layout_layer_cave, nicolae_overflow_squiral,
          minmay_temple_entry_antechambers, uniq_eustachio
D:5:      layout_basic, old_standard_altar, uniq_grinder
D:6:      layout_basic, gammafunk_temple_overflow_forgotten, moated_statue,
          uniq_duvessa, uniq_blork_the_orc
D:7:      layout_rooms
D:8:      nzn_winding_woodlands_cross
          [nzn_winding_woodlands_5x15_river_crossing,
          nzn_winding_woodlands_5x15_pathside_ponds,
          nzn_winding_woodlands_5x15_longhouse,
          nzn_winding_woodlands_5x15_jagged,
          nzn_winding_woodlands_15x15_thick_spiral], layout_cave_pools,
          mainiacjoe_overflow_chevrons, serial_shops, shop_fountains,
          nicolae_shop_gadgets
D:9:      minmay_distorted_concentric_squares, layout_loops_cross,
          enter_bailey_5, uniq_joseph, uniq_psyche
D:10:     layout_cave_pools, lemuel_round_altar, erik_lair_island,
          grunt_decor_arrowhead, uniq_lodul
D:11:     layout_basic, yredelemnul_altar_generic, uniq_josephine, uniq_erica,
          uniq_sonja
D:12:     layout_gridville, david_orc_3, serial_shops, shop,
          hangedman_decor_slide_cut, hangedman_decor_lopped,
          nicolae_ru_path_of_blood, uniq_nergalle
D:13:     minmay_firetagon, layout_irregular_city, erik_vaults_1,
          minmay_misc_feat_x, uniq_nessos
D:14:     layout_loops_ring, serial_shops, nicolae_stop_n_shop_1,
          minmay_misc_feat_plants, uniq_jorgrun
D:15:     gammafunk_depths_entry_grave, layout_long_grid,
          muffindrake_ghost_dual_entry, nicolae_dithmenos_shadow_blocks
Temple:   eino_temple_lava
Lair:1:   layout_regular_city, basic_altar, cheibrodos_lair_caveside_slide
Lair:2:   layout_regular_city, spider_nest_entry_funnel_web,
          gammafunk_ghost_wrathful_warriors, beast_lair_carwin_4,
          grunt_megastairs_3
Lair:3:   layout_hall_layers, elwin_shoals_entry_rooms
Lair:4:   layout_regular_city
Lair:5:   layout_gridlike
Lair:6:   hangedman_lair_caniforms_friends, layout_gridlike,
          guppyfry_lair_end_dragon, nicolae_slime_entry_slimehenge,
          maelrawn_ghost_gauntlet_escape
Shoals:1: cheibrodos_shoals_epimethial_gifts, layout_shoals
Shoals:2: layout_shoals, uniq_ilsuiw
Shoals:3: nicolae_shoals_mermall, layout_shoals, uniq_bai_suzhen
Shoals:4: shoals_end_hangedman, layout_shoals, portal_ice_cave_entry_pillars_1,
          nicolae_shop_overcharged_wands
Spider:1: layout_chambers
Spider:2: nicolae_spider_hilbert_zone_4 [nicolae_spider_hilbert_4_sides_2_open,
          nicolae_spider_hilbert_4_sides_1_open,
          nicolae_spider_hilbert_4_sides_1_open,
          nicolae_spider_hilbert_4_sides_1_open,
          nicolae_spider_hilbert_4_sides_1_open,
          nicolae_spider_hilbert_2_sides_1_open,
          nicolae_spider_hilbert_2_sides_1_open,
          nicolae_spider_hilbert_2_sides_1_open,
          nicolae_spider_hilbert_2_sides_1_open,
          nicolae_spider_hilbert_6_sides_1_open,
          nicolae_spider_hilbert_6_sides_1_open,
          nicolae_spider_hilbert_3_sides_1_open,
          nicolae_spider_hilbert_3_sides_1_open], nicolae_spider_circle_web
Spider:3: layout_spider_delve, hangedman_spider_tarantella_strand, uniq_arachne,
          uniq_donald
Spider:4: guppyfry_spider_rune, uniq_agnes
Slime:1:  layout_caves
Orc:1:    layout_caves, serial_shops, shop
Orc:2:    grunt_orc_tribal_feast, layout_caves, nicolae_volcano_entry_vermiform,
          uniq_azrael
Elf:1:    minmay_elf_arrival_summoners, layout_geoelf_grid, serial_shops,
          nicolae_shop_trees, hangedman_elven_crosses_minicolossus, uniq_frances
Elf:2:    nicolae_elf_blades_crystal_corner, layout_geoelf_grid, serial_shops,
          shop
Vaults:1: nicolae_vaults_circle_grid_b, vaults_room_grunt_arrival_ludios,
          vaults_room_large_hall, hangedman_vaults_impose, vaults_mumra_lcd,
          vaults_room_corners, ontoclasm_vaults_tryst,
          nicolae_vaults_what_the_h, vaults_room_door_hall,
          layout_vaults_chaotic_city, serial_shops, shop
Vaults:2: ontoclasm_vaults_eye, nicolae_vaults_triangles, v_misc_1, v_misc_3,
          hangedman_vaults_maws, vaults_mumra_hexcomb,
          nicolae_vaults_angled_halls, ontoclasm_vaults_decontamination,
          nicolae_vaults_ring_of_whatevers, ontoclasm_vaults_pinch,
          layout_vaults_ring, serial_glass, serial_shops, shop
Vaults:3: v_alt_pattern_4, nicolae_vaults_hallways_thing,
          vaults_room_hangedman_quadrants, v_alt_pattern_2,
          minmay_crypt_entry_vampire_xt, v_misc_26, v_misc_10,
          nicolae_vaults_circle_grid_a, nicolae_vaults_asterisk,
          dpeg_vaults_monster_box, hangedman_vaults_trim, vaults_dpeg_diagonal,
          layout_vaults_omnigrid
Vaults:4: vaults_dpeg_hooks, nicolae_vaults_stairing_the_circle, v_pattern_5,
          ontoclasm_vaults_ring_large, ontoclasm_vaults_fault,
          ontoclasm_vaults_ligature, v_misc_14, nicolae_vaults_network_s,
          vaults_room_large_hall, ontoclasm_vaults_chip,
          vaults_room_fancy_cross, layout_vaults_maze_snakey
Vaults:5: serial_shops

Skill      XL: |  1  2  3  4  5  6  7  8  9 10 11 12 13 14 15 16 17 18 19 20 21 |
---------------+----------------------------------------------------------------+-----
Axes           | 2 3 4 5 6 8 9 11 | 11.6
Dodging        | 2 3 4 5 6 8 |  8.3
Stealth        | 5 6 7 8 9 10 11 | 11.7
Fighting       | 4 5 6 7 9 10 11 12 13 14 15 16 | 16.3
Shields        | 2 4 5 6 7 9 11 | 11.2
Conjurations   | 2 4 5 6 8 9 |  9.6
Hexes          | 2 4 5 6 7 |  7.3
Armour         | 2 4 5 6 8 9 |  9.3
Spellcasting   | 2 4 5 6 7 8 10 | 10.2
Translocations | 7 |  7.4
Fire Magic     | 2 6 8 11 12 | 12.7
Maces & Flails | 1 2 |  2.4
Poison Magic   | 2 4 5 6 7 |  7.0
Air Magic      | 1 4 5 |  5.2
Earth Magic    | 3 4 5 7 |  7.2
Summonings     | 4 7 |  7.0
Ice Magic      | 2 6 7 |  7.7
Transmutations | 8 9 |  9.5
Necromancy     | 5 |  5.4

Action                   |  1- 3 |  4- 6 |  7- 9 | 10-12 | 13-15 | 16-18 | 19-21 || total
-------------------------+-------+-------+-------+-------+-------+-------+-------++-------
Melee: Hand axe          |    82 |   107 |    96 |    18 |   111 |    55 |   230 ||   699
       Headbutt          |       |    20 |    38 |    74 |   305 |   346 |   283 ||  1066
       Dagger            |       |       |     3 |     9 |     8 |     9 |     3 ||    32
       War axe           |       |       |   117 |   307 |   544 |       |     1 ||   969
       Scimitar          |       |       |       |       |    99 |    31 |    31 ||   161
       Broad axe         |       |       |       |       |   411 |  1096 |   613 ||  2120
       Spear             |       |       |       |       |       |       |    23 ||    23
 Fire: Hand crossbow     |       |       |       |       |       |    23 |       ||    23
       Fustibalus        |       |       |       |       |       |       |     8 ||     8
Throw: Dart              |       |       |       |       |     2 |       |       ||     2
       Throwing net      |       |       |       |       |     1 |     1 |       ||     2
       Javelin           |       |       |       |       |       |     1 |       ||     1
 Cast: Cause Fear        |       |       |       |       |     2 |     2 |     2 ||     6
       Tukima's Dance    |       |       |       |       |    16 |    11 |    13 ||    40
       Stone Arrow       |       |       |       |       |    11 |    11 |     6 ||    28
       Flame Wave        |       |       |       |       |     3 |    14 |     6 ||    23
       Poisonous Vapours |       |       |       |       |     8 |   127 |    27 ||   162
       Olgreb's Toxic Ra |       |       |       |       |     8 |    28 |     9 ||    45
       Swiftness         |       |       |       |       |       |    46 |    49 ||    95
       Summon Ice Beast  |       |       |       |       |       |    65 |    47 ||   112
       Apportation       |       |       |       |       |       |     4 |    43 ||    47
       Irradiate         |       |       |       |       |       |       |    19 ||    19
       Borgnjor's Vile C |       |       |       |       |       |       |     8 ||     8
Invok: Potion Petition   |       |       |       |       |     2 |     3 |    13 ||    18
       Call Merchant     |       |       |       |       |       |     1 |       ||     1
       Bribe Branch      |       |       |       |       |       |     1 |     2 ||     3
Evoke: Wand              |     2 |     1 |     7 |    23 |    21 |    11 |     8 ||    73
       Condenser vane    |       |       |       |     1 |     1 |       |       ||     2
  Use: Scroll            |     2 |     9 |     6 |    12 |    12 |    19 |    25 ||    85
       Potion            |       |       |       |     5 |    14 |    18 |    24 ||    61
 Stab: Sleeping          |     9 |     1 |     6 |    10 |    47 |    14 |     7 ||    94
       Distracted        |       |       |       |     7 |    22 |    11 |    18 ||    58
       Paralysed         |       |       |       |       |    15 |    26 |    22 ||    63
       Invisible         |       |       |       |       |       |     5 |    10 ||    15
Armor: Leather armour    |     5 |       |       |       |       |       |       ||     5
       Ring mail         |    11 |    41 |    84 |    59 |   497 |   579 |   346 ||  1617
       Robe              |       |       |       |    34 |     7 |       |       ||    41
       Skin              |       |       |       |       |       |       |    33 ||    33
Dodge: Dodged            |    29 |    37 |   117 |   191 |   723 |   821 |   558 ||  2476
       Repelled          |       |       |       |       |       |     4 |    16 ||    20
Block: Other             |     7 |     5 |       |       |       |       |       ||    12
       Buckler           |       |    30 |    89 |   148 |   698 |   895 |   694 ||  2554

Table legend: (Time is in decaauts)
 A = Elapsed time spent in this place.
 B = Non-inter-level travel time spent in this place.
 C = Inter-level travel time spent in this place.
 D = Time resting spent in this place.
 E = Time spent auto-exploring this place.
 F = Levels seen in this place.
 G = Mean time per level.
                   A        B        C        D        E       F      G
               +--------+--------+--------+--------+--------+-----+--------+
         Total |  57750 |  53815 |   3935 |  11122 |  26536 |  43 | 1343.0 |
       Dungeon |  19729 |  18293 |   1436 |   3545 |  10617 |  15 | 1315.3 |
        Temple |     70 |     60 |     10 |      0 |     53 |   1 |   70.0 |
          Lair |   7894 |   6791 |   1103 |    489 |   4163 |   6 | 1315.7 |
        Shoals |   8271 |   8035 |    236 |   2314 |   3186 |   4 | 2067.8 |
   Spider Nest |   7823 |   7469 |    354 |   1875 |   3254 |   4 | 1955.8 |
    Slime Pits |     11 |     11 |      0 |      0 |      0 |   1 |   11.0 |
  Orcish Mines |   2766 |   2345 |    421 |    524 |    951 |   2 | 1383.0 |
   Elven Halls |   2971 |   2801 |    170 |    584 |    849 |   2 | 1485.5 |
        Vaults |   7400 |   7198 |    202 |   1691 |   3144 |   5 | 1480.0 |
        Bailey |    311 |    311 |      0 |     16 |    134 |   1 |  311.0 |
      Ice Cave |    182 |    182 |      0 |     82 |      0 |   1 |  182.0 |
       Volcano |    319 |    319 |      0 |      0 |    181 |   1 |  319.0 |
               +--------+--------+--------+--------+--------+-----+--------+

Top non-repeatable levels by time:
Spider:4: 2620 daAuts
Shoals:3: 2592 daAuts
Shoals:4: 2243 daAuts
  Lair:6: 2201 daAuts
Spider:2: 2139 daAuts
     D:8: 1991 daAuts
    D:12: 1968 daAuts
Spider:1: 1945 daAuts
Vaults:4: 1869 daAuts
Shoals:2: 1805 daAuts
     D:4: 1790 daAuts
    D:15: 1751 daAuts
    D:11: 1685 daAuts
Vaults:1: 1679 daAuts
Shoals:1: 1630 daAuts
